 Dungeon Crawl Stone Soup version 0.31-a0-986-g5e6e4ef867 (webtiles) character file.

Game seed: 14559995948440849807

3353 timneilson the Ruffian (level 10, -3/102 HPs)
             Began as an Octopode Shapeshifter on Nov 11, 2023.
             Was an Initiate of Gozag.
             Slain by a troll (10 damage)
             ... on level 8 of the Dungeon.
             The game lasted 00:24:45 (8149 turns).

timneilson the Ruffian (Octopode Shapeshifter)      Turns: 8149, Time: 00:24:46

Health: -3/102     AC:  1    Str: 17    XL:     10   Next: 3%
Magic:  15/15      EV: 15    Int: 14    God:    Gozag
Gold:   1136       SH:  5    Dex: 11    Spells: 16/16 levels left

rFire   . .          .
                       - Unarmed
rCold   . . .        (no shield)
rNeg    . . .        (helmet currently unavailable)
rPois   .            e - amulet of reflection
rElec   .            l - ring of resist corrosion
rCorr   +            (no ring)
SInv    .            (no ring)
Will    .....        (no ring) Stlth
                     (no ring)
HPRegen 0.37/turn    (no ring)
MPRegen 0.14/turn    (no ring)
                     (no ring)

%: reflection
@: berserking, beast-form, studying Evocations, very quick
A: beast (slay +3), almost no armour, amphibious, 8 rings, camouflage 1,
gelatinous body 1, (nimble swimmer 1), tentacles
a: Begin Untransformation, Renounce Religion, Potion Petition, Call Merchant,
Bribe Branch


You were on level 8 of the Dungeon.
You worshipped Gozag.
Gozag was most pleased with you.
You were a hulking beast.
You visited 2 branches of the dungeon, and saw 9 of its levels.
You also visited: Bailey.

You collected 2401 gold pieces.
You spent 700 gold pieces at shops.
You paid 565 gold pieces to Gozag.

Inventory:

Jewellery
 e - an amulet of reflection (around mantle)
 f - a ring of magical power
 l - a ring of resist corrosion (left tentacle)
 m - a ring of fire
 B - a ring of willpower
Talismans
 b - a beast talisman
 c - a flux talisman
 d - a blade talisman
 n - a serpent talisman
Scrolls
 g - 2 scrolls of blinking
 j - 6 scrolls of teleportation
 t - 2 scrolls of enchant armour
 v - 2 scrolls of fear
 w - a scroll of vulnerability
 y - a scroll of fog
 z - a scroll of silence
 A - a scroll of immolation
Potions
 a - a potion of lignification
 h - a potion of curing
 k - a potion of cancellation
 o - 3 potions of ambrosia
 q - a potion of mutation
 r - 3 potions of brilliance
 s - a potion of resistance
 u - 4 potions of enlightenment
 x - 3 potions of magic


   Skills:
 * Level 6.0 Fighting
 * Level 6.4 Dodging
 + Level 5.9 Stealth
 * Level 6.7 Unarmed Combat
 + Level 3.6 Spellcasting
 + Level 3.5 Evocations
 * Level 6.3 Shapeshifting


You had 16 spell levels left.
You didn't know any spells.
Your spell library contained the following spells:

 Spells                   Type           Power      Damage    Failure   Level
 Foxfire                  Conj/Fire      8%         2x1d4     21%         1
 Magic Dart               Conj           8%         1d3       21%         1
 Summon Small Mammal      Summ           8%         N/A       21%         1
 Searing Ray              Conj           4%         2d4       30%         2
 Call Canine Familiar     Summ           2%         N/A       52%         3
 Ozocubu's Armour         Ice            2%         N/A       52%         3
 Summon Guardian Golem    Hex/Summ       2%         N/A       52%         3
 Airstrike                Air            1%         2d(1-17)  89%         4
 Fulminant Prism          Conj/Hex       1%         3d5       89%         4
 Summon Forest            Summ/Tloc      1%         N/A       99%         5
 Plasma Beam              Fire/Air       1%         2x1d11    100%        6
 Starburst                Conj/Fire      1%         6d3       100%        6
 Monstrous Menagerie      Summ           1%         N/A       100%        7
 Orb of Destruction       Conj           1%         9d5       100%        7
 Ozocubu's Refrigeration  Ice            1%         4d7       100%        7
 Spellforged Servitor     Conj/Summ      1%         N/A       100%        7


Dungeon Overview and Level Annotations

Branches:
Dungeon (8/15)             Temple (1/1) D:5          Bailey (visited)
   Lair: D:8-11

Altars:
Ashenzari
Cheibriados
Dithmenos
Elyvilon
Fedhas
Gozag
Hepliaklqana
Kikubaaqudgha
Makhleb
Nemelex Xobeh
Okawaru
Qazlal
Ru
Sif Muna
Trog
Uskayaw
Wu Jian
Xom
Yredelemnul
Zin
The Shining One

Shops:
D:1 (?([   D:4 *   D:7 *


Innate Abilities, Weirdness & Mutations

You are a hulking beast.
Your limbs bulge with bestial killing power. (Slay +3)
You cannot wear most types of armour.
You are amphibious.
You can wear up to eight rings at the same time.
Your skin changes colour to match your surroundings (Stealth+).
Your rubbery body absorbs attacks. (AC +1, EV +1)
((You are camouflaged when in or above water. (Stealth+)))
You have tentacles for arms and can constrict up to eight enemies at once.


Message History

Blink to where?
Press: ? - help, Dir - move target
As you read the scroll of blinking, it crumbles to dust.
You feel sick.
You feel sick.
You climb upwards.
You feel sick.
You are no longer poisoned.
There is a stone staircase leading down, spattered with blood here.
You start resting.
HP restored.
You climb downwards.
The troll barely misses you. The troll claws you. The troll claws you!
The troll barely misses you. The troll claws you. The troll claws you!
There is a stone staircase leading up, spattered with blood here.
You bludgeon the troll! You squeeze the troll.
The troll is moderately wounded.
The troll barely misses you. x2; The troll misses you.
You tentacle-slap the troll.
The troll is heavily wounded.
The troll bites you! The troll claws you!
* * * LOW HITPOINT WARNING * * *
The troll claws you but does no damage.
You tentacle-slap the troll.
The troll is heavily wounded.
You block the troll's attack. The troll misses you.
The troll completely misses you.
You tentacle-slap the troll. Your squeeze misses the troll.
The troll is heavily wounded.
The troll bites you.
* * * LOW HITPOINT WARNING * * *
You block the troll's attack. The troll closely misses you.
You tentacle-slap the troll.
The troll is severely wounded.
A red film seems to cover your vision as you go berserk!
You feel yourself moving faster!
You feel mighty! The troll completely misses you. The troll claws you!
* * * LOW HITPOINT WARNING * * *
The troll claws you!
You die...
Your body crumbles into a pile of gold.

#...)##...# #...###### #.
#.....##### #........# #.
##.#)).#############........###.
###.#...'.<......................
....#...###........#####.....###.
#####...# #........# #.....###.
##### #...).#### ########..
#....)####### #.~ #[....hT....#
#.~ #.....#####.# #.~ ####### #.#
#.~ #.# ###.≈ #.# #...≈
#####.#######...~
#................
#.###$#######.... #.# #...#


You could see a troll.

Vanquished Creatures
  An orc knight (Bailey)
  A steam dragon (D:7)
  A water moccasin (D:8)
  A sky beast (D:8)
  3 orc warriors
  A black bear (D:7)
  3 ogres
  A centaur (D:5)
  2 phantoms
  3 bullfrogs
  A gnoll sergeant (D:6)
  3 scorpions
  A water moccasin zombie (D:5)
  6 killer bees (D:7)
  A bullfrog zombie (D:5)
  6 hounds
  A jelly (D:6)
  5 orc priests
  3 iguanas
  4 orc wizards
  2 scorpion zombies (D:5)
  A hound zombie (D:5)
  11 gnolls
  8 adders
  3 white imps (D:7)
  3 worms
  5 dart slugs
  27 orcs
  12 ball pythons
  13 endoplasms
  3 giant cockroaches
  15 goblins
  7 hobgoblins
  7 jackals
  7 quokkas
  10 bats
  A frilled lizard (D:1)
  19 kobolds
  6 rats (D:1)
208 creatures vanquished.

Notes
Turn   | Place    | Note
-------+----------+-------------------------------------------
     0 | D:1      | timneilson the Octopode Shapeshifter began the quest for
                  | the Orb.
     0 | D:1      | Reached XP level 1. HP: 13/13 MP: 1/1
    44 | D:1      | Found Warus's Antique Weapon Shoppe.
   116 | D:1      | Found Reptamu's Magic Scroll Emporium.
   143 | D:1      | Reached XP level 2. HP: 12/18 MP: 2/2
   328 | D:1      | Reached XP level 3. HP: 23/23 MP: 3/3
   336 | D:1      | Found Komat's Antique Weapon Shoppe.
   526 | D:1      | Found Dueghiam's Antique Armour Shoppe.
   606 | D:1      | Found Hocuxeni's Magic Scroll Shop.
   750 | D:1      | Reached skill level 1 in Stealth
   879 | D:2      | Reached XP level 4. HP: 29/29 MP: 5/5
  1052 | D:2      | Reached skill level 1 in Spellcasting
  1147 | D:2      | Reached XP level 5. HP: 16/34 MP: 6/6
  2226 | D:3      | Reached XP level 6. HP: 25/41 MP: 7/7
  2568 | D:4      | Found Ugynow's Neck Hole.
  2921 | D:4      | Reached XP level 7. HP: 36/46 MP: 9/9
  3071 | D:5      | Entered Level 5 of the Dungeon
  3201 | D:5      | Found a basalt altar of Yredelemnul.
  3364 | D:5      | Found an ornate altar of the Wu Jian Council.
  3453 | D:5      | Found a staircase to the Ecumenical Temple.
  3459 | Temple   | Entered the Ecumenical Temple
  3479 | Temple   | Became a worshipper of Gozag Ym Sagoz the Greedy
  3553 | D:5      | Found a stormy altar of Qazlal.
  3592 | D:5      | Reached XP level 8. HP: 44/54 MP: 11/11
  3722 | D:5      | Reached skill level 5 in Unarmed Combat
  4003 | D:5      | Found a shimmering blue altar of Sif Muna.
  4464 | D:6      | Reached skill level 5 in Shapeshifting
  4935 | D:7      | Found a shimmering altar of Xom.
  4937 | D:7      | Found a shimmering altar of Xom.
  4939 | D:7      | Found a shimmering altar of Xom.
  4939 | D:7      | Found a shimmering altar of Xom.
  4940 | D:7      | Found a shimmering altar of Xom.
  5074 | D:7      | Reached skill level 5 in Dodging
  5487 | D:7      | Reached skill level 1 in Evocations
  5664 | D:7      | Reached XP level 9. HP: 60/60 MP: 13/13
  5744 | D:7      | Reached skill level 5 in Fighting
  6186 | D:7      | Identified 2 scrolls of acquirement
  6189 | D:7      | Acquired a manual of Evocations
  6191 | D:7      | Acquired 1253 gold pieces
  6275 | D:7      | Bought a scroll labelled JAX ORRYCAY for 23 gold pieces
  6275 | D:7      | Bought a scroll labelled QUDAEST GUORR for 23 gold pieces
  6275 | D:7      | Bought a cyan potion for 20 gold pieces
  6451 | D:1      | Bought a scroll of identify for 20 gold pieces
  6451 | D:1      | Bought a scroll of identify for 20 gold pieces
  6451 | D:1      | Bought a scroll of teleportation for 30 gold pieces
  6451 | D:1      | Bought a scroll of fear for 40 gold pieces
  6451 | D:1      | Bought a scroll of teleportation for 30 gold pieces
  6451 | D:1      | Bought a scroll of identify for 20 gold pieces
  6451 | D:1      | Bought a scroll of identify for 20 gold pieces
  6486 | D:1      | Bought a scroll of identify for 26 gold pieces
  6486 | D:1      | Bought a scroll of identify for 26 gold pieces
  6486 | D:1      | Bought a scroll of blinking for 97 gold pieces
  6486 | D:1      | Bought a scroll of teleportation for 39 gold pieces
  6486 | D:1      | Bought a scroll of fog for 52 gold pieces
  6486 | D:1      | Bought a scroll of fear for 52 gold pieces
  6486 | D:1      | Bought a scroll of silence for 123 gold pieces
  6486 | D:1      | Bought a scroll of teleportation for 39 gold pieces
  6636 | Bailey   | Identified the "Ihiad"
  6757 | D:8      | Reached skill level 5 in Stealth
  6774 | D:8      | Noticed a troll
  6807 | D:8      | Found a flagged portal.
  6825 | Bailey   | Entered a bailey
  7089 | Bailey   | Noticed an orc knight
  7192 | Bailey   | Killed an orc knight
  7947 | D:8      | Reached XP level 10. HP: 45/68 MP: 15/15
  8149 | D:8      | Slain by a troll

Illustrated notes

Levels and vault maps discovered:
D:1:      dpeg_arrival_solitude, layout_basic, serial_shops,
          nicolae_shop_back_alley_shop, shop, shop,
          nicolae_shop_back_alley_shop, shop, st_stairs_11
D:2:      layout_basic
D:3:      layout_loops_ring, minmay_divided_ellipse
D:4:      layout_rooms, nicolae_shop_sticking_my_neck_out
D:5:      layout_rooms, lemuel_crystal_altar, nicolae_yredelemnul_corpse_copse,
          mainiacjoe_overflow_swirl, minmay_temple_entry_hall
D:6:      layout_cave_pods
D:7:      layout_loops_cross, xom_redecorated, kennysheep_generic_room_11
D:8:      layout_basic, enter_bailey_3
Temple:   nicolae_temple_elliptical

Skill      XL: |  1  2  3  4  5  6  7  8  9 |
---------------+----------------------------+-----
Stealth        | 1 2 3 4 5 |  5.9
Fighting       | 2 3 4 6 |  6.0
Spellcasting   | 1 2 3 |  3.6
Dodging        | 3 4 5 6 |  6.4
Unarmed Combat | 4 5 6 |  6.7
Shapeshifting  | 4 5 6 |  6.3
Evocations     | 1 3 |  3.5

Action                     |  1- 3 |  4- 6 |  7- 9 | 10-12 || total
---------------------------+-------+-------+-------+-------++-------
  Melee: Unarmed           |    69 |   141 |   250 |     5 ||   465
         Constrict         |    18 |    43 |    52 |       ||   113
         Tentacles         |    12 |    30 |    58 |     1 ||   101
         Punch             |     4 |     6 |    11 |       ||    21
 Invoke: Call Merchant     |       |       |     1 |       ||     1
  Evoke: Wand              |       |       |    19 |       ||    19
    Use: Scroll            |     3 |     6 |    16 |     1 ||    26
         Potion            |       |       |     6 |     1 ||     7
   Stab: Sleeping          |     7 |    10 |    14 |       ||    31
         Distracted        |       |     1 |       |       ||     1
 Armour: Skin              |    27 |    49 |   100 |    12 ||   188
  Dodge: Dodged            |    43 |    49 |   128 |    10 ||   230
  Block: Other             |       |    13 |    60 |     2 ||    75
         Reflection        |       |     1 |       |       ||     1

Table legend: (Time is in decaauts)
 A = Elapsed time spent in this place.
 B = Non-inter-level travel time spent in this place.
 C = Inter-level travel time spent in this place.
 D = Time resting spent in this place.
 E = Time spent auto-exploring this place.
 F = Levels seen in this place.
 G = Mean time per level.
                   A        B        C        D        E       F      G
               +--------+--------+--------+--------+--------+-----+--------+
         Total |   8122 |   7522 |    600 |    761 |   4629 |  10 |  812.2 |
       Dungeon |   7525 |   6963 |    562 |    667 |   4530 |   8 |  940.6 |
        Temple |     40 |      2 |     38 |      0 |      0 |   1 |   40.0 |
        Bailey |    555 |    555 |      0 |     94 |     99 |   1 |  555.0 |
               +--------+--------+--------+--------+--------+-----+--------+

Top non-repeatable levels by time:
     D:7: 1763 daAuts
     D:6: 1106 daAuts
     D:5: 938 daAuts
     D:3: 929 daAuts
     D:1: 869 daAuts
     D:2: 770 daAuts
     D:4: 684 daAuts
  Bailey: 555 daAuts
     D:8: 464 daAuts
  Temple: 40 daAuts
